 Dungeon Crawl Stone Soup version 0.31-a0-1101-g9ad1905e61 (webtiles) character file.

Game seed: 7295023332654214014

48 gruber the Shooter (level 3, -19/30 HPs)
             Began as a Minotaur Hunter on Dec 1, 2023.
             Killed from afar by a steam dragon (20 damage)
             ... with a ball of steam
             ... on level 4 of the Dungeon.
             The game lasted 00:00:50 (1736 turns).

gruber the Shooter (Minotaur Hunter)                Turns: 1736, Time: 00:00:51

Health: -19/30     AC:  3    Str: 15    XL:     3   Next: 50%
Magic:  2/2        EV: 12    Int:  6    God:
Gold:   109        SH:  0    Dex: 21    Spells: 2/2 levels left

rFire   . . .        a - +0 shortbow
rCold   . . .        (shield currently unavailable)
rNeg    + . .        c - +0 leather armour
rPois   .            (helmet restricted)
rElec   .            (no cloak)
rCorr   .            (no gloves)
SInv    .            (no boots)
Will    .....        (no amulet)
Stlth   ++           i - +6 ring of dexterity
HPRegen 0.25/turn    m - ring of positive energy
MPRegen 0.08/turn

%: no passive effects
@: no status effects
A: horns 2, retaliatory headbutt
a: no special abilities


You were on level 4 of the Dungeon.
You visited 1 branch of the dungeon, and saw 4 of its levels.

You collected 109 gold pieces.

Inventory:

Hand Weapons
 a - a +0 shortbow (weapon)
Armour
 c - a +0 leather armour (worn)
Jewellery
 i - a +6 ring of dexterity (left hand)
 m - a ring of positive energy (right hand)
Wands
 q - a wand of flame (11)
Scrolls
 b - 2 scrolls of butterflies
 d - 5 scrolls of identify {unknown}
 f - a scroll of blinking {unknown}
 j - a scroll of amnesia {unknown}
 k - a scroll of teleportation {unknown}
 l - a scroll of enchant weapon {unknown}
 p - a scroll of enchant armour {unknown}
 r - a scroll of torment {unknown}
Potions
 e - a potion of attraction {unknown}
 g - a potion of might {unknown}
 h - a potion of heal wounds {unknown}
 n - 2 potions of cancellation {unknown}
 o - 2 potions of brilliance {unknown}


   Skills:
 - Level 2.4 Fighting
 + Level 5.8 Ranged Weapons
 - Level 2.1 Dodging
 - Level 0.7 Stealth


You had 2 spell levels left.
You didn't know any spells.
Your spell library contained the following spells:

 Spells                   Type           Power      Damage    Failure   Level
 Apportation              Tloc           0%         N/A       52%         1
 Necrotise                Necr           0%         1d4       52%         1
 Sting                    Tmut/Pois      0%         1d3       52%         1
 Summon Small Mammal      Summ           0%         N/A       52%         1
 Poisonous Vapours        Pois/Air       0%         N/A       67%         2
 Inner Flame              Hex/Fire       0%         N/A       88%         3
 Flame Wave               Conj/Fire      0%         2d4       99%         4
 Olgreb's Toxic Radiance  Pois           0%         N/A       99%         4
 Sticky Flame             Conj/Fire      0%         2d3       99%         4


Dungeon Overview and Level Annotations

Branches:
Dungeon (3/15)

Altars:
Wu Jian

Shops:
D:2 [


Innate Abilities, Weirdness & Mutations

You have a pair of horns on your head.
You reflexively headbutt those who attack you in melee.


Message History

The arrow barely misses the steam dragon.
A steam dragon is nearby!
You shoot an arrow. The arrow hits the steam dragon!
The steam dragon is heavily wounded.
The steam dragon breathes steam at you. The ball of steam hits you!
Ouch! That really hurt!
You're standing in a cloud of steam!
You are too injured to fight recklessly!
You're standing in a cloud of steam!
You are too injured to fight recklessly!
Unknown command.
Unknown command.
Fire: a) +0 shortbow
Press: ? - help, Q - select action, (/) - cycle Shift-Dir - straight line, f/p - steam dragon
Aim: a steam dragon (heavily wounded, 65% to hit)
You shoot an arrow. The arrow hits the steam dragon.
The steam dragon is severely wounded.
Unknown command.
Unknown command.
Fire: a) +0 shortbow
Press: ? - help, Q - select action, (/) - cycle Shift-Dir - straight line, f/p - steam dragon
Aim: a steam dragon (heavily wounded, 65% to hit)
You shoot an arrow.
The arrow closely misses the steam dragon.
The steam dragon bites you!
* * * LOW HITPOINT WARNING * * *
The steam dragon claws you.
* * * LOW HITPOINT WARNING * * *
Unknown command.
Fire: a) +0 shortbow
Press: ? - help, Q - select action, (/) - cycle Shift-Dir - straight line, f/p - steam dragon
Aim: a steam dragon (heavily wounded, 65% to hit)
You shoot an arrow.
The arrow hits the steam dragon but does no damage.
The steam dragon is heavily wounded.
The steam dragon breathes steam at you. The ball of steam hits you!!
Ouch! That really hurt!
You die...

#..# #..# #..# #..# #####
#..# ..###. ####...# #..#
..... .......######..#
.... #>##............#
... ...............@# D.#
.......).......D# §.#
.##.##.#######.##..###..
..##.....### #..........
#...........###..#.......
##...).##....#.†.........
##.....##....##.##..###..
#..≈≈.........#.# ..# .
#..≈≈.....♣♣..#.. ..#


You could see a steam dragon (catching breath).

Vanquished Creatures
  An adder (D:2)
  A worm (D:2)
  A dart slug (D:2)
  4 endoplasms
  A giant cockroach (D:1)
  2 goblins
  5 hobgoblins
  3 kobolds
  2 quokkas (D:1)
  3 ball pythons
  2 bats (D:1)
  5 frilled lizards
30 creatures vanquished.

Notes
Turn   | Place    | Note
-------+----------+-------------------------------------------
     0 | D:1      | gruber the Minotaur Hunter began the quest for the Orb.
     0 | D:1      | Reached XP level 1. HP: 18/18 MP: 0/0
   249 | D:1      | Reached XP level 2. HP: 25/25 MP: 1/1
   358 | D:1      | Reached skill level 5 in Ranged Weapons
   774 | D:1      | Found a faded altar of an unknown god.
   977 | D:2      | Reached XP level 3. HP: 30/30 MP: 2/2
  1154 | D:2      | Found Epsucoiq's Antique Armour Emporium.
  1681 | D:3      | You fall into a shaft and drop 1 floor!
  1681 | D:4      | Found an ornate altar of the Wu Jian Council.
  1726 | D:4      | Noticed a steam dragon
  1735 | D:4      | HP: 1/30 [steam dragon (4)]
  1736 | D:4      | Killed from afar by a steam dragon

Illustrated notes

Levels and vault maps discovered:
D:1:      arrival_zaba_pyramid, layout_basic,
          shapermc_ecumenical_altar_mp_vishouse, palyth_stone_intersect,
          minmay_misc_feat_hallway
D:2:      layout_loops_ring, serial_shops, nicolae_square_shop,
          hangedman_feature_mirror, dk_noncrumbling_3
D:3:      layout_basic, general_overflow_altar,
          nicolae_kikubaaqudgha_miasma_corner, gammafunk_temple_overflow_wave,
          ebering_ghost_sewer_f, serial_curves, eino_curves_04, eino_curves_02
D:4:      layout_loops_ring, nicolae_wu_jian_wuxing_cycle,
          nicolae_dithmenos_the_darkroom, hellmonk_sif_muna_bookshelves,
          minmay_misc_feat_doors, kennysheep_boxes, uniq_blork_the_orc

Skill      XL: |  1  2 |
---------------+-------+-----
Ranged Weapons | 5 |  5.8
Fighting       | |  2.4
Dodging        | |  2.1
Stealth        | |  0.7

Action                     || total
---------------------------++-------
   Fire: Shortbow          ||    88
 Armour: Leather armour    ||    13
  Dodge: Dodged            ||     9

Table legend: (Time is in decaauts)
 A = Elapsed time spent in this place.
 B = Non-inter-level travel time spent in this place.
 C = Inter-level travel time spent in this place.
 D = Time resting spent in this place.
 E = Time spent auto-exploring this place.
 F = Levels seen in this place.
 G = Mean time per level.
                   A        B        C        D        E       F      G
               +--------+--------+--------+--------+--------+-----+--------+
         Total |   1748 |   1697 |     51 |      0 |   1514 |   4 |  437.0 |
       Dungeon |   1748 |   1697 |     51 |      0 |   1514 |   4 |  437.0 |
               +--------+--------+--------+--------+--------+-----+--------+

Top non-repeatable levels by time:
     D:1: 829 daAuts
     D:2: 795 daAuts
     D:3: 67 daAuts
     D:4: 55 daAuts
